 Dungeon Crawl Stone Soup version 0.31-a0-1447-g87ca8d402b (webtiles) character file.

Game seed: 10964622605196937251

763 Arcadio the Ducker (level 7, -1/56 HPs)
             Began as a Merfolk Shapeshifter on Dec 27, 2023.
             Was an Initiate of the Shining One.
             Succumbed to a water moccasin's poison
             ... on level 5 of the Dungeon.
             The game lasted 00:05:33 (3425 turns).

Arcadio the Ducker (Merfolk Shapeshifter)           Turns: 3425, Time: 00:05:33

Health: -1/56      AC:  8    Str: 16    XL:     7   Next: 81%
Magic:  7/7        EV:  9    Int:  9    God:    the Shining One [......]
Gold:   240        SH:  0    Dex: 14    Spells: 6/6 levels left

rFire   . .          .
                       - Unarmed
rCold   . . .        (no shield)
rNeg    . . .        e - +0 chain mail
rPois   .            (helmet currently unavailable)
rElec   .            (cloak currently unavailable)
rCorr   .            (gloves currently unavailable)
SInv    .            (boots currently unavailable)
Will    .....        (no amulet) Stlth
                     (no ring)
HPRegen 0.29/turn    (no ring)
MPRegen 0.10/turn

%: no passive effects
@: mighty, lethally poisoned (-1 -> -20), beast-form, glowing
A: beast (slay +2), (nimble swimmer 2), mertail
a: Begin Untransformation, Renounce Religion


You were on level 5 of the Dungeon.
You worshipped the Shining One.
The Shining One was noncommittal.
You were a hulking beast.
You visited 2 branches of the dungeon, and saw 6 of its levels.

You collected 240 gold pieces.

Inventory:

Armour
 a - a +0 animal skin
 e - a +0 chain mail (worn)
 g - a +0 helmet
 u - the +0 hat of Understanding {rN+}
   (You found it on level 5 of the Dungeon)

   rN+:       It protects you from negative energy.
Jewellery
 l - a +6 ring of intelligence
Talismans
 c - a beast talisman (active)
 d - a flux talisman
Scrolls
 f - a scroll of poison
 p - a scroll of noise {unknown}
 q - a scroll of vulnerability {unknown}
 r - 2 scrolls of brand weapon {unknown}
 s - a scroll of blinking {unknown}
 t - 2 scrolls of fear {unknown}
Potions
 b - 2 potions of lignification
 i - a potion of invisibility
 j - 2 potions of brilliance
 m - 2 potions of resistance
 n - 2 potions of mutation
 o - 2 potions of enlightenment


   Skills:
 + Level 5.3 Fighting
 + Level 6.8 Dodging
 + Level 6.2 Unarmed Combat
 - Level 4.0 Shapeshifting


You had 6 spell levels left.
You didn't know any spells.
Your spell library contained the following spells:

 Spells                   Type           Power      Damage    Failure   Level
 Magic Dart               Conj           0%         1d3       99%         1
 Ensorcelled Hibernation  Hex/Ice        0%         N/A       100%        2
 Searing Ray              Conj           0%         2d4       100%        2
 Fugue of the Fallen      Necr           0%         N/A       100%        3
 Ozocubu's Armour         Ice            0%         N/A       100%        3
 Anguish                  Hex/Necr       0%         N/A       100%        4
 Fulminant Prism          Conj/Alch      0%         3d5       100%        4
 Metabolic Englaciation   Hex/Ice        0%         N/A       100%        5
 Sculpt Simulacrum        Ice/Alch       0%         N/A       100%        6


Dungeon Overview and Level Annotations

Branches:
Dungeon (5/15) Zot: 26635  Temple (1/1) D:4 Zot: 5969

Altars:
Ashenzari
Cheibriados
Dithmenos
Elyvilon
Fedhas
Gozag
Hepliaklqana
Kikubaaqudgha
Makhleb
Nemelex Xobeh
Okawaru
Qazlal
Ru
Sif Muna
Trog
Uskayaw
Vehumet
Wu Jian
Xom
Yredelemnul
Zin
The Shining One

Shops:
D:4 (   D:5 *


Innate Abilities, Weirdness & Mutations

You are a hulking beast.
Your limbs bulge with bestial killing power. (Slay +2)
((You are very nimble when in or above water. (Stealth+, EV+, Speed+++)))
Your lower body shifts to a powerful aquatic tail in water.


Message History

The howler monkey barely misses you.
A water moccasin comes into view.
The orc hits you with a +0 flail.
* * * LOW HITPOINT WARNING * * *
The orc priest closely misses you.
An orc comes into view.
It is wielding a +0 orcbow and carrying a wand of charming.
The orc hits you but does no damage.
The howler monkey hits you but does no damage.
You punch the orc priest!
You kill the orc priest!
The Shining One accepts your kill. The orc barely misses you.
The orc hits you with a +0 flail.
* * * LOW HITPOINT WARNING * * *
The howler monkey hoots and howls with incredible vigour!
The orc shoots an arrow.
The arrow closely misses you.
You punch the orc!
You kill the orc!
The howler monkey hits you but does no damage.
The orc hits you but does no damage.
The orc shoots an arrow.
The arrow hits you but does no damage.
Unknown command.
The orc zaps a wand.
You resist with some effort.
Things that are here:
a +0 flail; a +0 ring mail You feel better.
The howler monkey hoots and howls with incredible vigour!
The water moccasin bites you!
* * * LOW HITPOINT WARNING * * *
You are lethally poisoned!
The water moccasin poisons you! The orc barely misses you.
* * * LOW HITPOINT WARNING * * *
You feel very sick.
The howler monkey attacks as it pursues you!
The howler monkey barely misses you. The water moccasin bites you.
* * * LOW HITPOINT WARNING * * *
You are more poisoned.
The water moccasin poisons you!
Okay, then.
A hound comes into view.
You die...

..... #....###### .. #.
####....##...##+###'######.
.......o........>.<........
...........................
.............?......=......
.........S............).##.
.......)h.h......h......##.
.##.##o##.##...##.........
##o##.##...##......##.
#.Y....+Y..##......##.
#......#....#.........
#......#....#.........
##...###...##.........
#######...##......##.
#.....†.......##.


You could see a water moccasin, a howler monkey (catching breath), a hound
(wandering) and 2 orcs.

Vanquished Creatures
  Sigmund (D:2)
  3 scorpions
  A howler monkey (D:5)
  2 hounds
  3 orc priests
  An orc wizard (D:5)
  4 gnolls
  6 adders
  3 worms (D:2)
  3 dart slugs
  14 orcs
  A bat (D:1)
  15 endoplasms
  A giant cockroach (D:1)
  11 goblins
  6 hobgoblins
  3 jackals (D:3)
  5 kobolds
  5 quokkas
  9 ball pythons
  7 frilled lizards
  3 rats (D:2)
107 creatures vanquished.

Notes
Turn   | Place    | Note
-------+----------+-------------------------------------------
     0 | D:1      | Arcadio the Merfolk Shapeshifter began the quest for the
                  | Orb.
     0 | D:1      | Reached XP level 1. HP: 15/15 MP: 1/1
   112 | D:1      | Reached XP level 2. HP: 18/21 MP: 2/2
   414 | D:1      | Reached XP level 3. HP: 25/27 MP: 3/3
   582 | D:2      | Found a shimmering altar of Xom.
   917 | D:2      | Noticed Sigmund
   934 | D:2      | Killed Sigmund
   935 | D:2      | Reached XP level 4. HP: 30/36 MP: 4/4
   935 | D:2      | Reached XP level 5. HP: 34/41 MP: 5/5
  1101 | D:2      | Reached skill level 5 in Dodging
  1119 | D:2      | Reached XP level 6. HP: 20/48 MP: 6/6
  1253 | D:2      | Reached skill level 5 in Unarmed Combat
  2403 | D:4      | Found a staircase to the Ecumenical Temple.
  2406 | D:4      | Found Zemootz's Weapon Boutique.
  2410 | Temple   | Entered the Ecumenical Temple
  2425 | Temple   | Became a worshipper of the Shining One
  2503 | D:4      | Reached XP level 7. HP: 50/55 MP: 7/7
  3161 | D:5      | Entered Level 5 of the Dungeon
  3195 | D:5      | Reached skill level 5 in Fighting
  3372 | D:5      | Identified the +0 hat of Understanding {rN+}
  3374 | D:5      | Found Zacoy's Lightly-Used Armoury.
  3424 | D:5      | HP: 2/56 [water moccasin (1)]
  3425 | D:5      | Succumbed to a water moccasin's poison

Illustrated notes

Levels and vault maps discovered:
D:1:      lightli_arrival_quake, layout_basic
D:2:      layout_loops_ring, basic_altar, minmay_joined_circles, uniq_sigmund
D:3:      layout_loops_ring
D:4:      layout_basic, minmay_temple_entry_gardened_gates, serial_shops,
          shop_statue
D:5:      layout_gridville, minmay_shop_damaged, nicolae_shop_clearance
Temple:   compressed_dpeg_triangle_lava_temple

Skill      XL: |  1  2  3  4  5  6  7 |
---------------+----------------------+-----
Dodging        | 3 4 5 6 |  6.8
Fighting       | 2 3 4 5 |  5.3
Unarmed Combat | 4 5 6 |  6.2
Shapeshifting  | |  4.0

Action                     |  1- 3 |  4- 6 |  7- 9 || total
---------------------------+-------+-------+-------++-------
  Melee: Unarmed           |    86 |   160 |    69 ||   315
         Punch             |     1 |     3 |     1 ||     5
    Use: Scroll            |       |     8 |       ||     8
         Potion            |       |     1 |     2 ||     3
   Stab: Sleeping          |     1 |       |       ||     1
 Armour: Animal skin       |     9 |       |       ||     9
         Chain mail        |    35 |    77 |    81 ||   193
  Dodge: Dodged            |    32 |    66 |    56 ||   154
   Form: Beast             |     1 |       |       ||     1

Table legend: (Time is in decaauts)
 A = Elapsed time spent in this place.
 B = Non-inter-level travel time spent in this place.
 C = Inter-level travel time spent in this place.
 D = Time resting spent in this place.
 E = Time spent auto-exploring this place.
 F = Levels seen in this place.
 G = Mean time per level.
                   A        B        C        D        E       F      G
               +--------+--------+--------+--------+--------+-----+--------+
         Total |   3395 |   3373 |     22 |      0 |   2652 |   6 |  565.8 |
       Dungeon |   3364 |   3342 |     22 |      0 |   2652 |   5 |  672.8 |
        Temple |     30 |     30 |      0 |      0 |      0 |   1 |   30.0 |
               +--------+--------+--------+--------+--------+-----+--------+

Top non-repeatable levels by time:
     D:3: 939 daAuts
     D:2: 817 daAuts
     D:4: 803 daAuts
     D:1: 546 daAuts
     D:5: 257 daAuts
  Temple: 30 daAuts
